 Dungeon Crawl Stone Soup version 0.31-a0-1074-g0b22e4e0f1 (webtiles) character file.

Game seed: 15135567819282433314

4101 grandjackal the Fighter (level 10, -3/80 HPs)
             Began as a Demonspawn Gladiator on Nov 29, 2023.
             Was a Follower of Makhleb.
             Succumbed to a black mamba's poison
             ... on level 9 of the Dungeon.
             The game lasted 00:11:21 (8854 turns).

grandjackal the Fighter (Demonspawn Gladiator)      Turns: 8854, Time: 00:11:21

Health: -3/80      AC: 12    Str: 19    XL:     10   Next: 6%
Magic:  14/14      EV: 10    Int:  9    God:    Makhleb [*.....]
Gold:   319        SH:  0    Dex: 15    Spells: 9/9 levels left

rFire   . . .        y - +2 dagger (elec)
rCold   . . .        (no shield)
rNeg    + . .        h - +0 chain mail {rN+}
rPois   .            (helmet unavailable)
rElec   .            v - +0 cloak
rCorr   .            (no gloves)
SInv    .            C - +0 pair of boots
Will    .....        c - amulet of the acrobat Stlth
                     (no ring)
HPRegen 0.33/turn    (no ring)
MPRegen 0.28/turn

%: acrobat
@: lethally poisoned (-3 -> -44)
A: horns 3, powered by pain 1, magic regeneration
a: Renounce Religion


You were on level 9 of the Dungeon.
You worshipped Makhleb.
Makhleb was aware of your devotion.
You visited 2 branches of the dungeon, and saw 10 of its levels.

You collected 319 gold pieces.

Inventory:

Hand Weapons
 a - a +0 long sword
 q - a +2 dagger of venom
 y - a +2 dagger of electrocution (weapon)
Missiles
 e - 7 javelins
 s - 2 silver javelins
Armour
 h - a +0 chain mail of positive energy (worn)
 v - a +0 cloak (worn)
 C - a +0 pair of boots (worn)
Jewellery
 c - an amulet of the acrobat (around neck)
 D - a ring of wizardry
Wands
 p - a wand of digging (7)
 H - a wand of polymorph (9)
 J - a wand of flame (8)
Scrolls
 b - 5 scrolls of teleportation {unknown}
 f - 2 scrolls of amnesia {unknown}
 i - a scroll of silence {unknown}
 j - 5 scrolls of identify {unknown}
 m - 3 scrolls of fear {unknown}
 o - 2 scrolls of blinking {unknown}
 r - a scroll of fog {unknown}
 t - a scroll of noise {unknown}
 u - a scroll of summoning {unknown}
 w - a scroll of vulnerability {unknown}
 x - 5 scrolls of enchant armour {unknown}
 A - 2 scrolls of enchant weapon {unknown}
 E - a scroll of immolation {unknown}
 F - a scroll of revelation {unknown}
Potions
 g - 2 potions of mutation {unknown}
 k - 2 potions of enlightenment {unknown}
 l - a potion of haste {unknown}
 n - a potion of heal wounds
 z - a potion of brilliance {unknown}
 B - 3 potions of curing {unknown}
 G - 2 potions of attraction {unknown}
 I - a potion of lignification {unknown}


   Skills:
 + Level 8.0 Fighting
 + Level 7.5 Long Blades
 - Level 2.0 Throwing
 - Level 5.1 Armour
 - Level 6.0 Dodging
 + Level 6.2 Invocations


You had 9 spell levels left.
You didn't know any spells.
Your spell library contained the following spells:

 Spells                   Type           Power      Damage    Failure   Level
 Summon Small Mammal      Summ           0%         N/A       97%         1
 Poisonous Vapours        Pois/Air       0%         N/A       99%         2
 Call Canine Familiar     Summ           0%         N/A       100%        3
 Gell's Gravitas          Tloc           0%         N/A       100%        3
 Mephitic Cloud           Conj/Pois/Air  0%         N/A       100%        3
 Summon Guardian Golem    Hex/Summ       0%         N/A       100%        3
 Teleport Other           Tloc           0%         N/A       100%        3
 Vhi's Electric Charge    Tloc/Air       0%         N/A       100%        4
 Arcjolt                  Conj/Air       0%         1d10      100%        5
 Freezing Cloud           Conj/Ice/Air   0%         6-21      100%        5
 Dispersal                Tloc           0%         N/A       100%        6
 Plasma Beam              Fire/Air       0%         2x1d10    100%        6


Dungeon Overview and Level Annotations

Branches:
Dungeon (9/15)             Temple (1/1) D:7            Lair (0/5) D:8
    Orc: D:9-12

Altars:
Ashenzari
Cheibriados
Dithmenos
Fedhas
Gozag
Hepliaklqana
Kikubaaqudgha
Makhleb
Nemelex Xobeh
Okawaru
Qazlal
Ru
Sif Muna
Trog
Uskayaw
Vehumet
Wu Jian
Xom
Yredelemnul

Annotations:
D:7 2 transporters, bmb222's ghost, novice MiFi


Innate Abilities, Weirdness & Mutations

You have a pair of large horns on your head.
You sometimes gain a little power by taking damage.
You regenerate magic rapidly.


Message History

The black mamba closely misses you. The black mamba bites you.
You are lethally poisoned!
The black mamba poisons you!
Throw: throwing net
Press: ? - help, Q - select action, (/) - cycle Shift-Dir - straight line, f/p - black mamba
Aim: a black mamba (lightly wounded, 44% to hit)
You throw a throwing net.
The throwing net misses the black mamba.
* * * LOW HITPOINT WARNING * * *
You feel extremely sick. The black mamba barely misses you.
The black mamba closely misses you.
You feel much better.
You feel extremely sick. The black mamba bites you!
* * * LOW HITPOINT WARNING * * *
You are more poisoned.
The black mamba poisons you!
You feel much better.
You feel extremely sick.
The black mamba bites you but does no damage. x2
You hit the black mamba but do no damage.
You feel extremely sick. The black mamba bites you!
The black mamba bites you but does no damage.
You hit the black mamba but do no damage.
* * * LOW HITPOINT WARNING * * *
You feel very sick. The black mamba closely misses you.
You hit the black mamba but do no damage.
* * * LOW HITPOINT WARNING * * *
You feel very sick. The black mamba bites you!
* * * LOW HITPOINT WARNING * * *
You are more poisoned.
The black mamba poisons you! The black mamba bites you.
* * * LOW HITPOINT WARNING * * *
You hit the black mamba.
You headbutt the black mamba, but do no damage.
The black mamba is lightly wounded.
You die...

#.O...........?
#)# #.# #.# #.#
#.# #.# .#.
#S########....
#.@...........
####.........#
#.#.#.#.#..
#.........#
#.#.#.#.#..
#..........
#####.#.#.#.#..
..............#
####..#.#.#.#.#


You could see a black mamba.

Vanquished Creatures
  An ugly thing (D:8)
  A fire bat (D:7)
  3 steam dragons
  Edmund (D:4)
  3 water moccasins (D:7)
  3 ice beasts
  3 black bears
  An orc warrior (D:8)
  A sky beast (D:7)
  3 wolves
  A centaur (D:9)
  A phantom (D:4)
  5 bullfrogs
  A gnoll sergeant (D:8)
  4 scorpions
  A howler monkey (D:6)
  An electric eel (D:8)
  A jelly (D:7)
  5 hounds
  7 orc priests
  A gnoll bouda (D:6)
  3 iguanas
  2 sleepcaps (D:7)
  7 orc wizards
  7 adders
  7 gnolls
  4 ufetubi
  A worm (D:8)
  5 dart slugs
  15 orcs
  11 endoplasms
  3 giant cockroaches
  9 goblins
  2 hobgoblins
  3 jackals (D:4)
  6 kobolds
  2 quokkas
  7 ball pythons
  5 bats
  A frilled lizard (D:1)
  3 rats
151 creatures vanquished.

Notes
Turn   | Place    | Note
-------+----------+-------------------------------------------
     0 | D:1      | grandjackal the Demonspawn Gladiator began the quest for
                  | the Orb.
     0 | D:1      | Reached XP level 1. HP: 16/16 MP: 1/1
   230 | D:1      | Gained mutation: You regenerate magic rapidly. [demonic
                  | ancestry]
   230 | D:1      | Reached XP level 2. HP: 22/22 MP: 2/2
   714 | D:1      | Gained mutation: You sometimes gain a little power by
                  | taking damage. [demonic ancestry]
   714 | D:1      | Reached XP level 3. HP: 26/28 MP: 3/3
  1156 | D:2      | Reached skill level 1 in Armour
  1737 | D:3      | Gained mutation: You have a pair of small horns on your
                  | head. [demonic ancestry]
  1737 | D:3      | Reached XP level 4. HP: 24/34 MP: 4/4
  1901 | D:3      | Reached skill level 3 in Fighting
  2671 | D:4      | Noticed a scorpion
  2677 | D:4      | Killed a scorpion
  2678 | D:4      | Reached XP level 5. HP: 40/41 MP: 5/5
  3150 | D:4      | Noticed a phantom
  3170 | D:4      | Killed a phantom
  3171 | D:4      | Gained mutation: You have a pair of horns on your head.
                  | [demonic ancestry]
  3171 | D:4      | Reached XP level 6. HP: 23/47 MP: 6/6
  3724 | D:5      | Entered Level 5 of the Dungeon
  3735 | D:5      | Reached skill level 4 in Fighting
  3776 | D:5      | Noticed an ice beast
  3777 | D:5      | Noticed Edmund
  3803 | D:5      | Reached XP level 7. HP: 53/54 MP: 7/7
  3886 | D:4      | Killed Edmund
  4196 | D:5      | Reached skill level 5 in Dodging
  4217 | D:5      | Reached skill level 5 in Fighting
  4226 | D:5      | Reached skill level 5 in Long Blades
  4226 | D:5      | Reached XP level 8. HP: 57/62 MP: 8/8
  5557 | D:7      | Found a transporter.
  5558 | D:7      | Noticed bmb222's ghost (novice MiFi)
  5561 | D:7      | Identified the +3 great mace of Taim {protect, rPois Str+7}
  5561 | D:7      | Noticed a two-headed ogre
  5606 | D:7      | Found a transporter.
  5667 | D:7      | Reached skill level 6 in Fighting
  5673 | D:7      | Reached skill level 5 in Armour
  5833 | D:7      | Reached XP level 9. HP: 17/69 MP: 9/9
  6039 | D:7      | Found a staircase to the Ecumenical Temple.
  6050 | Temple   | Entered the Ecumenical Temple
  6068 | Temple   | Became a worshipper of Makhleb the Destroyer
  6123 | D:7      | Reached skill level 1 in Invocations
  6416 | D:8      | Found a staircase to the Lair.
  6517 | D:8      | Noticed a troll
  7050 | D:7      | Reached skill level 7 in Fighting
  7350 | D:8      | Noticed a green ugly thing
  7366 | D:8      | Killed a green ugly thing
  7367 | D:8      | Reached skill level 5 in Invocations
  7446 | D:8      | Reached * piety under Makhleb
  7827 | D:8      | Found a snail-covered altar of Cheibriados.
  7907 | D:8      | Gained mutation: You have a pair of large horns on your
                  | head. [demonic ancestry]
  7907 | D:8      | Reached XP level 10. HP: 68/80 MP: 14/14
  8410 | D:8      | Reached skill level 8 in Fighting
  8831 | D:9      | Noticed a two-headed ogre
  8837 | D:9      | a two-headed ogre changed into a black mamba
  8837 | D:9      | Noticed a black mamba
  8854 | D:9      | Succumbed to a black mamba's poison

Illustrated notes

Levels and vault maps discovered:
D:1:      wander_arrival_chamber, layout_basic
D:2:      layout_loops_ring
D:3:      layout_loops_ring, chequers_big_river, dreamdust_princess_bridge
D:4:      layout_basic, serial_library_hellmonk_junction
D:5:      layout_basic, uniq_edmund
D:6:      layout_rooms, minmay_holes
D:7:      layout_cave_pools, minmay_temple_entry_glassed_door,
          gammafunk_ghost_smash
D:8:      layout_gridville, chei_slow_surprise, erik_lair_island,
          kennysheep_generic_room_4
D:9:      layout_loops_ring, orc_david_3, gammafunk_ghost_spectres,
          serial_glass, glass_columns_b, glass_columns_a, glass_columns_c,
          glass_columns_a, glass_columns_a, glass_columns_c, minmay_misc_feat_x,
          kennysheep_minor_cross, supply_closet_lemuel, hangedman_ranch
Temple:   roderic_octagonal_lattice_temple

Skill      XL: |  1  2  3  4  5  6  7  8  9 10 |
---------------+-------------------------------+-----
Throwing       | 2 |  2.0
Dodging        | 3 4 5 6 |  6.0
Long Blades    | 3 4 5 7 |  7.5
Armour         | 1 2 3 5 |  5.1
Fighting       | 3 4 5 6 7 8 |  8.0
Invocations    | 6 |  6.2

Action                     |  1- 3 |  4- 6 |  7- 9 | 10-12 || total
---------------------------+-------+-------+-------+-------++-------
  Melee: Long sword        |    91 |    17 |       |       ||   108
         Punch             |     1 |     1 |     6 |     1 ||     9
         Dagger            |     9 |    81 |   395 |    32 ||   517
         Headbutt          |       |    29 |    85 |     7 ||   121
  Throw: Throwing net      |       |       |     1 |     3 ||     4
  Evoke: Wand              |       |       |     4 |     1 ||     5
    Use: Potion            |       |       |     1 |     2 ||     3
   Stab: Held in net/web   |       |       |     2 |       ||     2
 Armour: Chain mail        |    59 |    70 |   326 |    30 ||   485
         Leather armour    |     1 |       |       |       ||     1
  Dodge: Dodged            |    42 |    44 |   257 |    14 ||   357

Table legend: (Time is in decaauts)
 A = Elapsed time spent in this place.
 B = Non-inter-level travel time spent in this place.
 C = Inter-level travel time spent in this place.
 D = Time resting spent in this place.
 E = Time spent auto-exploring this place.
 F = Levels seen in this place.
 G = Mean time per level.
                   A        B        C        D        E       F      G
               +--------+--------+--------+--------+--------+-----+--------+
         Total |   8805 |   8464 |    341 |   2016 |   5002 |  10 |  880.5 |
       Dungeon |   8768 |   8445 |    323 |   2016 |   5002 |   9 |  974.2 |
        Temple |     36 |     18 |     18 |      0 |      0 |   1 |   36.0 |
               +--------+--------+--------+--------+--------+-----+--------+

Top non-repeatable levels by time:
     D:7: 1504 daAuts
     D:8: 1412 daAuts
     D:4: 1323 daAuts
     D:5: 1079 daAuts
     D:3: 937 daAuts
     D:1: 921 daAuts
     D:2: 743 daAuts
     D:6: 532 daAuts
     D:9: 313 daAuts
  Temple: 36 daAuts
